 Dungeon Crawl Stone Soup version 0.24-a0-536-gdd4cf15 (webtiles) character file.

Game seed: 2068522665013970726

53 silentkaos13 the Insei (level 3, -2/26 HPs)
             Began as a Demonspawn Transmuter on Aug 11, 2019.
             Was an Initiate of Cheibriados.
             Killed by divine providence
             ... invoked by an orc priest
              (10 damage)
             ... on level 3 of the Dungeon.
             The game lasted 00:04:10 (1722 turns).

silentkaos13 the Insei (Demonspawn Transmuter)      Turns: 1722, Time: 00:04:11

Health: -2/26      AC: 10    Str: 11    XL:     3   Next: 64%
Magic:  0/6        EV:  5    Int: 16    God:    Cheibriados [......]
Gold:   150        SH:  0    Dex: 14    Spells: 0/6 levels left

rFire    . . .     SeeInvis .     - Unarmed
rCold    . . .     Gourm    .   (no shield)
rNeg     . . .     Faith    .   p - +0 chain mail {rPois}
rPois    +         Spirit   +   (helmet restricted)
rElec    .         Reflect  .   (no cloak)
rCorr    .         Harm     .   (no gloves)
MR       .....                  g - +1 pair of boots
Stlth    ..........             (no amulet)
HPRegen  0.08/turn              (no ring)
MPRegen  0.10/turn              (no ring)

@: very slow
A: antennae 1, magic shield
a: Bend Time, Renounce Religion


You were on level 3 of the Dungeon.
You worshipped Cheibriados.
Cheibriados was noncommittal.
You were not hungry.

You visited 1 branch of the dungeon, and saw 3 of its levels.

You collected 150 gold pieces.

Inventory:

Missiles
 a - 63 arrows
Armour
 b - a +0 robe
 f - a +0 leather armour
 g - a +1 pair of boots (worn)
 p - a +0 chain mail of poison resistance (worn)
Scrolls
 e - 2 scrolls of teleportation {unknown}
 h - a scroll of random uselessness {unknown}
 j - 2 scrolls of identify {unknown}
 k - a scroll of fear {unknown}
 o - a scroll of blinking {unknown}
 q - a scroll of enchant weapon {unknown}
Potions
 c - 3 potions of degeneration {unknown}
 i - a potion of flight {unknown}
 l - a potion of lignification {unknown}
 m - a potion of heal wounds {unknown}
 n - a potion of cancellation {unknown}
Comestibles
 d - 4 rations


   Skills:
 + Level 1.0 Fighting
 + Level 0.3 Armour
 + Level 1.8 Dodging
 + Level 3.9 Unarmed Combat
 + Level 2.2 Spellcasting
 + Level 1.9 Transmutations


You couldn't memorise any spells.
You knew the following spells:

 Your Spells              Type           Power        Failure   Level  Hunger
a - Beastly Appendage     Tmut           #.....       99%         1    #......
b - Sticks to Snakes      Tmut           #.......     100%        2    ###....
c - Spider Form           Tmut/Pois      #.........   100%        3    ###....

Your spell library contained the following spells:

 Spells                   Type           Power        Failure   Level  Hunger
 Ice Form                 Ice/Tmut       #.......     100%        4    #####..
 Blade Hands              Tmut           #.........   100%        5    ######.


Dungeon Overview and Level Annotations

Branches:
Dungeon (3/15)

Altars:
Cheibriados


Innate Abilities, Weirdness & Mutations

You have a pair of small antennae on your head.
When hurt, damage is shared between your health and your magic reserves.


Message History

The orc priest is heavily wounded.
The orc hits you from afar with a +0 trident.
The orc priest hits you but does no damage. x2
You hit the orc priest but do no damage.
The orc priest is heavily wounded.
The orc wizard gestures wildly while chanting.
The orc wizard seems to speed up.
The orc closely misses you.
The orc priest hits you but does no damage.
The orc priest hits you with a +0 flail.
You hit the orc priest.
The orc priest is severely wounded.
The orc hits you from afar with a +0 trident.
The orc priest hits you but does no damage.
You hit the orc priest.
The orc priest is severely wounded.
The orc priest hits you but does no damage.
The orc barely misses you.
The orc priest invokes the aid of Beogh against you.
Beogh smites you!
You die...

#.# #.# .. #.# #.##
#. #.# #..# ..
########.####... #o
#............... #o
#.######.##.8.8. #o
#.# #.#......
#.##.######.#.8.8.8
#o@................
#.#o.###.#.###.###.
#........#.# #.# ##
###..###.#.# #.# #
#..# #.#.###.####
#..# #.#.........
#..# #.#####.....
#..# #.. ........
#... ....####


You could see 2 orc priests, an orc wizard and 2 orcs.

Vanquished Creatures
  An adder (D:3)
  A gnoll (D:1)
  A worm (D:2)
  A dart slug (D:1)
  2 leopard geckos
  2 goblins (D:2)
  5 hobgoblins
  4 kobolds
  A ball python (D:1)
  4 bats
  4 frilled lizards
  3 rats
29 creatures vanquished.

Notes
Turn   | Place    | Note
-------+----------+-------------------------------------------
     0 | D:1      | silentkaos13 the Demonspawn Transmuter began the quest for
                  | the Orb.
     0 | D:1      | Reached XP level 1. HP: 15/15 MP: 3/3
   218 | D:1      | Reached skill level 3 in Unarmed Combat
   306 | D:1      | Lost mutation: You have a pair of horns on your head.
                  | [demonic ancestry]
   306 | D:1      | Lost mutation: You have a pair of small horns on your head.
                  | [demonic ancestry]
   306 | D:1      | Gained mutation: You have a pair of small antennae on your
                  | head. [demonic ancestry]
   306 | D:1      | Reached XP level 2. HP: 17/21 MP: 3/5
   538 | D:1      | Learned a level 2 spell: Sticks to Snakes
   977 | D:2      | Gained mutation: When hurt, damage is shared between your
                  | health and your magic reserves. [demonic ancestry]
   977 | D:2      | Reached XP level 3. HP: 24/26 MP: 6/6
  1078 | D:2      | Found a snail-covered altar of Cheibriados.
  1088 | D:2      | Became a worshipper of Cheibriados the Contemplative
  1682 | D:3      | Learned a level 3 spell: Spider Form
  1722 | D:3      | Killed from afar by an orc priest

Levels and vault maps discovered:
D:1:      wander_arrival_desolate, layout_loops_corners
D:2:      layout_loops_ring, cheibriados_altar_1
D:3:      layout_loops_ring, minmay_misc_feat_pillars, mrwooster_statue_mirror

Skill      XL: |  1 |
---------------+----+-----
Unarmed Combat | 3 |  3.9
Fighting       | |  1.0
Armour         | |  0.3
Dodging        | |  1.8
Spellcasting   | |  2.2
Transmutations | |  1.9

Action                   || total
-------------------------++-------
Melee: Unarmed           ||   136
       Headbutt          ||     1
       Punch             ||     1
 Cast: Beastly Appendage ||     2
  Eat: Chunk             ||     3
Armor: Leather armour    ||    23
       Robe              ||     1
       Chain mail        ||    61
Dodge: Dodged            ||    65

Table legend:
 A = Non-vault XP
 B = Vault XP
 C = Vault XP percentage of total XP
 D = Non-vault monster count
 E = Vault monster count
 F = Vault count percentage of total count
                 A         B        C        D         E       F
            +---------+---------+-------+---------+---------+-------
      Total |      77 |       0 |   0.0 |      29 |       0 |   0.0
            +---------+---------+-------+---------+---------+-------
        D:1 |      34 |       0 |   0.0 |      12 |       0 |   0.0
        D:2 |      24 |       0 |   0.0 |      13 |       0 |   0.0
        D:3 |      19 |       0 |   0.0 |       4 |       0 |   0.0
            +---------+---------+-------+---------+---------+-------
